[Event "91st GER-ch 2020"]
[Site "Magdeburg"]
[Date "2020.08.17"]
[Round "2.5"]
[White "Gustain, Marc"]
[Black "Mueller, Dominik"]
[Result "1-0"]
[ECO "B12"]
[WhiteElo "2173"]
[BlackElo "2252"]
[Annotator "ChessBase"]
[PlyCount "79"]
[EventDate "2020.08.16"]
[EventType "swiss"]
[EventCountry "GER"]
[SourceTitle "playchess.com"]
[Source "ChessBase"]
[SourceQuality "1"]
[TimeControl "40/5400+30:1800+30"]

1. e4 c6 2. d4 d5 3. e5 Bf5 4. h4 Qc7 5. g4 Bd7 6. h5 c5 7. Nc3 cxd4 8. Qxd4 Nc6 9. Qxd5 Bxg4 10. Nb5 Qd8 11. Be3 Qxd5 12. Nc7+ Kd7 13. Nxd5 Nxe5 14. Bb5+ Kc8 15. Rh4 Nf6 16. Nxf6 exf6 17. f4 Nf3+ 18. Nxf3 Bxf3 19. f5 Bc6 20. Rc4 Kc7 21. Bf4+ Bd6 22. Bxd6+ Kxd6 23. O-O-O+ Kc7 24. Bxc6 bxc6 25. Rg4 Rhg8 26. Rdg1 g5 27. hxg6 hxg6 28. fxg6 Rxg6 29. Rxg6 fxg6 30. Rxg6 Rf8 31. Kd2 Rf7 32. Ke3 Kd6 33. Kf4 Ke6 34. Rg3 f5 35. Re3+ Kd5 36. Re5+ Kd4 37. Rxf5 Rb7 38. b3 c5 39. Kf3 Re7 40. Rf4+ 1-0

[Event "91st GER-ch 2020"]
[Site "Magdeburg"]
[Date "2020.08.17"]
[Round "2.13"]
[White "Ehmann, Thilo"]
[Black "Schulte, Felix"]
[Result "1-0"]
[ECO "B15"]
[WhiteElo "2329"]
[BlackElo "2174"]
[Annotator "ChessBase"]
[PlyCount "143"]
[EventDate "2020.08.16"]
[EventType "swiss"]
[EventCountry "GER"]
[SourceTitle "playchess.com"]
[Source "ChessBase"]
[SourceQuality "1"]
[TimeControl "40/5400+30:1800+30"]

1. e4 c6 2. d4 d5 3. Nc3 g6 4. h3 Bg7 5. Nf3 Nf6 6. Bd3 dxe4 7. Nxe4 Nxe4 8. Bxe4 Nd7 9. O-O c5 10. c3 Qc7 11. Qe2 cxd4 12. Nxd4 O-O 13. Nb5 Qb8 14. f4 a6 15. Na3 Nc5 16. Bf3 e5 17. Be3 Nd7 18. fxe5 Nxe5 19. Nc4 Nxc4 20. Qxc4 Bxh3 21. Bd5 Bf5 22. Bc5 Rc8 23. Qb4 Rc7 24. Qb6 Rd7 25. Rad1 Qd8 26. Bxf7+ Kh8 27. Bb3 Qxb6 28. Bxb6 Re7 29. Rfe1 Rxe1+ 30. Rxe1 Bf6 31. Re7 a5 32. Rxb7 a4 33. Bd5 a3 34. bxa3 Bxc3 35. Rc7 Rb8 36. Rxc3 Rxb6 37. a4 Bd7 38. Ra3 Bc8 39. Rb3 Rd6 40. Bc4 Ba6 41. Bb5 Kg7 42. Rc3 Kf6 43. Rc7 Rb6 44. Rxh7 Bxb5 45. axb5 Rxb5 46. Rh4 Kg5 47. Rc4 Rb2 48. a4 Ra2 49. Kh2 Ra3 50. g3 Ra2+ 51. Kh3 Kh5 52. g4+ Kg5 53. Kg3 Ra3+ 54. Kf2 Rd3 55. Ke2 Rd5 56. Ke3 Rd1 57. Rd4 Rc1 58. Kd2 Rc5 59. Kd3 Rc1 60. Rc4 Rb1 61. Kc2 Rb7 62. Kc3 Rb1 63. a5 Rb5 64. Ra4 Rb1 65. Kd3 Kh4 66. Ke3 g5 67. a6 Rb8 68. a7 Ra8 69. Kf3 Rf8+ 70. Kg2 Ra8 71. Kh2 Rf8 72. a8=Q 1-0

[Event "91st GER-ch 2020"]
[Site "Magdeburg"]
[Date "2020.08.17"]
[Round "2.14"]
[White "Schulz, Lukas"]
[Black "Hundack, Rolf"]
[Result "1-0"]
[ECO "C31"]
[WhiteElo "2293"]
[BlackElo "2126"]
[Annotator "ChessBase"]
[PlyCount "59"]
[EventDate "2020.08.16"]
[EventType "swiss"]
[EventCountry "GER"]
[SourceTitle "playchess.com"]
[Source "ChessBase"]
[SourceQuality "1"]
[TimeControl "40/5400+30:1800+30"]

1. e4 e5 2. f4 d5 3. exd5 c6 4. Nc3 exf4 5. Nf3 Bd6 6. d4 Ne7 7. dxc6 O-O 8. cxb7 Bxb7 9. Bd3 Ng6 10. O-O Nd7 11. Ne4 Bc7 12. c3 Re8 13. Qc2 Nf6 14. Nxf6+ Qxf6 15. Bd2 Kh8 16. Rae1 Nh4 17. Rf2 Bxf3 18. gxf3 Re3 19. Be4 Rxe1+ 20. Bxe1 Re8 21. Re2 g5 22. Qa4 Rg8 23. Qc6 Bd6 24. Kh1 Rd8 25. c4 g4 26. Bc3 gxf3 27. Bxf3 Nxf3 28. d5 Ne5 29. Rxe5 Qxe5 30. Qxd6 1-0

[Event "91st GER-ch 2020"]
[Site "Magdeburg"]
[Date "2020.08.17"]
[Round "2.15"]
[White "Bastian, Herbert"]
[Black "Michalowski, Peter"]
[Result "1-0"]
[ECO "C02"]
[WhiteElo "2272"]
[BlackElo "2106"]
[Annotator "ChessBase"]
[PlyCount "56"]
[EventDate "2020.08.16"]
[EventType "swiss"]
[EventCountry "GER"]
[SourceTitle "playchess.com"]
[Source "ChessBase"]
[SourceQuality "1"]
[TimeControl "40/5400+30:1800+30"]

1. e4 e6 2. d4 d5 3. e5 c5 4. c3 Nc6 5. Nf3 Bd7 6. dxc5 Bxc5 7. Bd3 Nge7 8. Qe2 Ng6 9. b4 Bb6 10. b5 Na5 11. h4 f6 12. Bxg6+ hxg6 13. Qd3 f5 14. Bf4 Qc7 15. Nbd2 Rc8 16. Rc1 Qc5 17. Be3 Qa3 18. O-O Bxe3 19. Qxe3 Bxb5 20. Rfe1 Nc4 21. Qg5 Kf7 22. Nd4 Bd7 23. N2f3 b6 24. Qg3 Rhe8 25. h5 gxh5 26. Qh4 Rh8 27. Ng5+ Kg8 28. Ngf3 Kf7 1-0

[Event "91st GER-ch 2020"]
[Site "Magdeburg"]
[Date "2020.08.17"]
[Round "2.16"]
[White "Trifan, Andrei Ioan"]
[Black "Neurohr, Juergen"]
[Result "0-1"]
[ECO "C18"]
[WhiteElo "2249"]
[BlackElo "2022"]
[Annotator "ChessBase"]
[PlyCount "130"]
[EventDate "2020.08.16"]
[EventType "swiss"]
[EventCountry "GER"]
[SourceTitle "playchess.com"]
[Source "ChessBase"]
[SourceQuality "1"]
[TimeControl "40/5400+30:1800+30"]

1. e4 e6 2. d4 d5 3. Nc3 Bb4 4. e5 c5 5. a3 Bxc3+ 6. bxc3 Ne7 7. Qg4 O-O 8. Bd3 f5 9. exf6 Rxf6 10. Bg5 Rf7 11. Qh4 h6 12. Bxe7 Rxe7 13. Ne2 c4 14. Bg6 Nc6 15. O-O e5 16. dxe5 Nxe5 17. Bh5 Bf5 18. Nd4 Bd7 19. Rad1 Be8 20. f4 Bxh5 21. Qxh5 Nc6 22. f5 Re5 23. Ne6 Qf6 24. Qg4 Ne7 25. Rd4 Rxf5 26. Nf4 Rf8 27. Rf3 Qf7 28. Ne2 Rxf3 29. gxf3 Qxf3 30. Qxf3 Rxf3 31. Kg2 Rf5 32. Rd1 Kf7 33. Nd4 Rf6 34. Rb1 b6 35. a4 Nf5 36. Nxf5 Rxf5 37. a5 Rf6 38. Rb5 Rd6 39. axb6 axb6 40. h4 Ke6 41. Kf3 Ke5 42. Rb1 Rf6+ 43. Kg3 h5 44. Re1+ Kd6 45. Re8 Rg6+ 46. Kf3 Rg4 47. Rd8+ Kc6 48. Rc8+ Kd7 49. Rg8 g6 50. Ke3 Re4+ 51. Kf3 Rxh4 52. Rxg6 Rh3+ 53. Kf4 Rxc3 54. Ke5 Rxc2 55. Kxd5 b5 56. Rg7+ Ke8 57. Rb7 Rb2 58. Kd4 Rb3 59. Rh7 Rd3+ 60. Ke4 b4 61. Rxh5 b3 62. Rb5 Kd7 63. Rb4 Rd1 64. Ke5 c3 65. Rb7+ Ke8 0-1

[Event "91st GER-ch 2020"]
[Site "Magdeburg"]
[Date "2020.08.17"]
[Round "2.17"]
[White "Falke, Isaak"]
[Black "Weber, Max"]
[Result "0-1"]
[ECO "A45"]
[WhiteElo "2113"]
[BlackElo "2243"]
[Annotator "ChessBase"]
[PlyCount "72"]
[EventDate "2020.08.16"]
[EventType "swiss"]
[EventCountry "GER"]
[SourceTitle "playchess.com"]
[Source "ChessBase"]
[SourceQuality "1"]
[TimeControl "40/5400+30:1800+30"]

1. d4 Nf6 2. Bf4 d5 3. e3 c5 4. Nf3 Nc6 5. c3 Qb6 6. Qb3 c4 7. Qxb6 axb6 8. Na3 Bf5 9. Be2 e6 10. Nb5 Kd7 11. O-O Ra5 12. b4 Rxb5 13. a4 Rxb4 14. cxb4 Bxb4 15. Rfc1 Na5 16. Ne5+ Ke7 17. g4 Bg6 18. Nxg6+ hxg6 19. Bd1 Ne4 20. Rcb1 Nc6 21. Bc2 Nc3 22. Re1 Ra8 23. f3 Nxa4 24. Reb1 b5 25. e4 Bc3 26. Ra3 Nxd4 27. Bxa4 bxa4 28. Rxb7+ Ke8 29. Bd6 Ra6 30. Bg3 Nb3 31. exd5 exd5 32. Rc7 Bb2 33. Ra2 a3 34. Bf4 Nd4 35. Be3 Ne2+ 36. Kf2 Nc3 0-1

[Event "91st GER-ch 2020"]
[Site "Magdeburg"]
[Date "2020.08.18"]
[Round "3.8"]
[White "Siebrecht, Sebastian"]
[Black "Braun, Georg"]
[Result "1-0"]
[ECO "D38"]
[WhiteElo "2417"]
[BlackElo "2360"]
[Annotator "ChessBase"]
[PlyCount "151"]
[EventDate "2020.08.16"]
[EventType "swiss"]
[EventCountry "GER"]
[SourceTitle "playchess.com"]
[Source "ChessBase"]
[SourceQuality "1"]
[TimeControl "40/5400+30:1800+30"]

1. d4 Nf6 2. Nf3 e6 3. c4 d5 4. Nc3 Bb4 5. cxd5 exd5 6. Bg5 h6 7. Bxf6 Qxf6 8. Qa4+ Nc6 9. Ne5 O-O 10. Nxc6 Bxc3+ 11. bxc3 Qxc6 12. Qb3 Bf5 13. e3 Be4 14. f3 Bg6 15. c4 dxc4 16. Bxc4 Qd6 17. O-O b6 18. Rad1 Kh8 19. e4 f6 20. Qe3 Rfe8 21. Rfe1 Rad8 22. Bb3 Qb4 23. g4 c5 24. dxc5 bxc5 25. Rxd8 Rxd8 26. Rc1 Rc8 27. Be6 Re8 28. Bd5 Rc8 29. h4 Bh7 30. g5 hxg5 31. hxg5 fxg5 32. Qxg5 Qb2 33. Qe3 Bg8 34. Bxg8 Kxg8 35. Qb3+ Qxb3 36. axb3 Rb8 37. Rxc5 Rxb3 38. Rc8+ Kh7 39. Kf2 a5 40. Ra8 Rb5 41. f4 Kg6 42. Kf3 Rb1 43. Rxa5 Re1 44. Ra3 Kf6 45. Ra6+ Kf7 46. f5 Ke7 47. Kf4 Kf7 48. Ra7+ Kf8 49. Rd7 Ra1 50. Ke5 Ra6 51. Rd6 Ra4 52. Rb6 Ke7 53. Rb7+ Kf8 54. Rd7 Ra6 55. Rc7 Rb6 56. Ra7 Rb5+ 57. Ke6 Rb6+ 58. Kd7 Rb5 59. Kd6 Rb6+ 60. Kc5 Rf6 61. Kd5 Rb6 62. e5 Rb1 63. Kd6 Rb6+ 64. Kd7 Rb8 65. Rc7 Kf7 66. Kd6+ Kf8 67. e6 Rb6+ 68. Kd7 Rb8 69. Kc6 Rb1 70. Rf7+ Kg8 71. Rb7 Rc1+ 72. Kd7 Rd1+ 73. Ke7 Rd5 74. Rb8+ Kh7 75. f6 gxf6 76. Kxf6 1-0

[Event "91st GER-ch 2020"]
[Site "Magdeburg"]
[Date "2020.08.18"]
[Round "3.11"]
[White "Koellner, Ruben Gideon"]
[Black "Bastian, Herbert"]
[Result "0-1"]
[ECO "A45"]
[WhiteElo "2376"]
[BlackElo "2272"]
[Annotator "ChessBase"]
[PlyCount "186"]
[EventDate "2020.08.16"]
[EventType "swiss"]
[EventCountry "GER"]
[SourceTitle "playchess.com"]
[Source "ChessBase"]
[SourceQuality "1"]
[TimeControl "40/5400+30:1800+30"]

1. d4 Nf6 2. Bg5 Ne4 3. Bf4 g6 4. e3 Bg7 5. Bd3 Nf6 6. Nc3 d6 7. h3 Nbd7 8. Nf3 c6 9. e4 Nh5 10. Bg5 h6 11. Be3 e5 12. dxe5 dxe5 13. Qd2 Qf6 14. O-O-O Nf4 15. Bxf4 Qxf4 16. Qxf4 exf4 17. Ne2 g5 18. h4 f6 19. Ned4 g4 20. Nd2 Ne5 21. h5 Bf8 22. N2b3 Bd7 23. Ne2 f3 24. gxf3 Nxf3 25. Nf4 Ne5 26. Ng6 Rg8 27. Nxe5 fxe5 28. Rdg1 Be7 29. Na5 b5 30. Rg2 O-O-O 31. Be2 Rdf8 32. Nb3 Rf4 33. Bd3 Rgf8 34. Rhh2 Kc7 35. Kd1 Kb6 36. Nd2 Be6 37. b3 Bb4 38. Nf1 Bc3 39. Ke2 a5 40. Ng3 c5 41. Kd1 c4 42. bxc4 bxc4 43. Ne2 cxd3 44. Nxc3 Rc8 45. Kd2 dxc2 46. Rg3 Rxe4 47. Kxc2 Rb4 48. Kd2 Bxa2 49. Nxa2 Rb2+ 50. Kd3 Rxa2 51. Rxg4 Rf8 52. Rg6+ Kc5 53. Ke3 Kd5 54. Rb6 Rc8 55. Rb3 a4 56. Rd3+ Ke6 57. Rg2 Rcc2 58. Kf3 Rab2 59. Ke4 Rc4+ 60. Ke3 Kf5 61. Rg8 Re4+ 62. Kf3 Rf4+ 63. Ke3 Rbxf2 64. Rf8+ Ke6 65. Re8+ Kf6 66. Rd6+ Kf5 67. Rf8+ Kg5 68. Rg8+ Kxh5 69. Rgg6 R2f3+ 70. Ke2 a3 71. Ra6 Rb3 72. Rxh6+ Kg5 73. Rhg6+ Kf5 74. Rgf6+ Ke4 75. Ra4+ Kd5 76. Ra5+ Kd4 77. Rd6+ Ke4 78. Re6 Re3+ 79. Kd2 Rf2+ 80. Kd1 Kf5 81. Re8 Rh2 82. Rf8+ Ke6 83. Ra6+ Kd5 84. Rfa8 Rg3 85. Ra5+ Ke6 86. R5a6+ Kf5 87. Rf8+ Ke4 88. Ra4+ Kd5 89. Rd8+ Ke6 90. Ra6+ Ke7 91. Rd2 Rg1+ 92. Kc2 Rxd2+ 93. Kxd2 a2 0-1

[Event "91st GER-ch 2020"]
[Site "Magdeburg"]
[Date "2020.08.18"]
[Round "4.3"]
[White "Dobrikov, Marco"]
[Black "Pfreundt, Jakob"]
[Result "1-0"]
[ECO "B68"]
[WhiteElo "2290"]
[BlackElo "2397"]
[Annotator "ChessBase"]
[PlyCount "127"]
[EventDate "2020.08.16"]
[EventType "swiss"]
[EventCountry "GER"]
[SourceTitle "playchess.com"]
[Source "ChessBase"]
[SourceQuality "1"]
[TimeControl "40/5400+30:1800+30"]

1. e4 c5 2. Nf3 d6 3. d4 cxd4 4. Nxd4 Nf6 5. Nc3 Nc6 6. Bg5 e6 7. Qd2 a6 8. O-O-O Bd7 9. f4 Be7 10. Be2 b5 11. Bf3 Rc8 12. Rhe1 b4 13. Nce2 O-O 14. Nxc6 Bxc6 15. Nd4 Ba8 16. Bxf6 Bxf6 17. Qxb4 Rb8 18. Qa3 Qc7 19. Re2 e5 20. Nb3 Rb6 21. f5 Be7 22. Qa5 Rfb8 23. Kb1 Bc6 24. c4 Qa7 25. Nc1 d5 26. exd5 Bb4 27. Qxb6 Qxb6 28. dxc6 Rd8 29. Rxd8+ Qxd8 30. Bd5 Bd6 31. Nd3 g6 32. Nxe5 Bxe5 33. Rxe5 Kg7 34. a3 Kf6 35. Re3 Qb6 36. Rf3 gxf5 37. Ka2 Ke5 38. Rb3 Qc5 39. Rb7 h5 40. Rxf7 a5 41. Rh7 a4 42. Rxh5 Qb6 43. Rh3 f4 44. Rf3 Qc5 45. h4 Qa7 46. h5 Qh7 47. Rh3 Kd6 48. h6 Kc7 49. g4 fxg3 50. Rxg3 Qxh6 51. Rf3 Kd6 52. Rf7 Qh3 53. Rd7+ Ke5 54. Rb7 Qc8 55. Ra7 Kd4 56. Rxa4 Kd3 57. Ra7 Kc2 58. c7 Kc1 59. Rb7 Kc2 60. Be4+ Kc1 61. Kb3 Qd7 62. Bd5 Kd2 63. Kb4 Kd3 64. Kc5 1-0

[Event "91st GER-ch 2020"]
[Site "Magdeburg"]
[Date "2020.08.18"]
[Round "4.6"]
[White "Bastian, Herbert"]
[Black "Siebrecht, Sebastian"]
[Result "0-1"]
[ECO "B26"]
[WhiteElo "2272"]
[BlackElo "2417"]
[Annotator "ChessBase"]
[PlyCount "86"]
[EventDate "2020.08.16"]
[EventType "swiss"]
[EventCountry "GER"]
[SourceTitle "playchess.com"]
[Source "ChessBase"]
[SourceQuality "1"]
[TimeControl "40/5400+30:1800+30"]

1. e4 c5 2. Nc3 Nc6 3. g3 g6 4. Bg2 Bg7 5. d3 d6 6. Be3 e5 7. Qd2 h6 8. Nge2 Nge7 9. O-O Nd4 10. f4 Be6 11. Nd1 Bg4 12. Nc1 Qd7 13. c3 Ndc6 14. Nf2 Be6 15. Ne2 Nd4 16. Qd1 Nxe2+ 17. Qxe2 Rc8 18. a3 O-O 19. Qd2 exf4 20. Bxf4 Kh7 21. h4 Nc6 22. b4 b6 23. Rab1 Ne5 24. b5 d5 25. Rfe1 dxe4 26. Rxe4 Ng4 27. Nxg4 Bxg4 28. Rbe1 Qxb5 29. Bd6 Rfd8 30. Rxg4 Rxd6 31. Re7 f5 32. Rf4 Qxd3 33. Qxd3 Rxd3 34. Rxa7 Rxg3 35. h5 Rd8 36. Rb7 Rd6 37. c4 gxh5 38. Rxf5 Kg6 39. Rd5 Re6 40. Kf2 h4 41. Rdd7 Bd4+ 42. Kf1 h3 43. Bd5 Rg1# 0-1

[Event "91st GER-ch 2020"]
[Site "Magdeburg"]
[Date "2020.08.18"]
[Round "4.7"]
[White "Dubiel, Jacek"]
[Black "Muckle, Julius"]
[Result "1/2-1/2"]
[ECO "C09"]
[WhiteElo "2414"]
[BlackElo "2386"]
[Annotator "ChessBase"]
[PlyCount "62"]
[EventDate "2020.08.16"]
[EventType "swiss"]
[EventCountry "GER"]
[SourceTitle "playchess.com"]
[Source "ChessBase"]
[SourceQuality "1"]
[TimeControl "40/5400+30:1800+30"]

1. e4 e6 2. d4 d5 3. Nd2 c5 4. exd5 exd5 5. Ngf3 Nc6 6. Bb5 Bd6 7. O-O Nge7 8. dxc5 Bxc5 9. Nb3 Bd6 10. Re1 O-O 11. Nfd4 Qc7 12. h3 Bd7 13. c3 Rfe8 14. Bd3 a6 15. Qc2 Ng6 16. Rxe8+ Rxe8 17. Bd2 Nce5 18. Re1 Qc8 19. Bf1 Nc4 20. Rxe8+ Qxe8 21. Bc1 Nf4 22. Nf5 Bxf5 23. Qxf5 Ne2+ 24. Bxe2 Qxe2 25. g3 Ne5 26. Qc8+ Bf8 27. Be3 Nf3+ 28. Kg2 Ne1+ 29. Kg1 Nf3+ 30. Kg2 Ne1+ 31. Kg1 Nf3+ 1/2-1/2

[Event "91st GER-ch 2020"]
[Site "Magdeburg"]
[Date "2020.08.18"]
[Round "4.9"]
[White "Mons, Leon"]
[Black "Braun, Georg"]
[Result "1/2-1/2"]
[ECO "D30"]
[WhiteElo "2540"]
[BlackElo "2360"]
[Annotator "ChessBase"]
[PlyCount "94"]
[EventDate "2020.08.16"]
[EventType "swiss"]
[EventCountry "GER"]
[SourceTitle "playchess.com"]
[Source "ChessBase"]
[SourceQuality "1"]
[TimeControl "40/5400+30:1800+30"]

1. d4 Nf6 2. c4 e6 3. Nf3 d5 4. Bg5 h6 5. Bxf6 Qxf6 6. g3 c6 7. Nbd2 Nd7 8. Bg2 dxc4 9. O-O Nb6 10. Qc2 Bd6 11. Nxc4 Nxc4 12. Qxc4 O-O 13. e4 e5 14. dxe5 Bxe5 15. Nxe5 Qxe5 16. Qb4 a5 17. Qd2 Be6 18. Rfd1 Qc5 19. b3 Bg4 20. Rac1 Qb6 21. Qd4 Qxd4 22. Rxd4 Rfd8 23. Rxd8+ Rxd8 24. h3 Be6 25. Rc5 Rd1+ 26. Kh2 Rd2 27. Rxa5 Rxf2 28. Ra7 b5 29. g4 Rc2 30. Kg3 g5 31. e5 Rc3+ 32. Kh2 c5 33. Bb7 b4 34. Bc8 Re3 35. Bxe6 fxe6 36. Kg2 Rxe5 37. Kf3 Kh8 38. Rc7 Kg8 39. Ra7 Re1 40. Rc7 Rh1 41. Ke4 Rxh3 42. Ke5 Rf3 43. Kxe6 Rf4 44. Rxc5 Rxg4 45. Kf6 Rd4 46. Rc8+ Kh7 47. Rc7+ Kg8 1/2-1/2

[Event "91st GER-ch 2020"]
[Site "Magdeburg"]
[Date "2020.08.18"]
[Round "4.10"]
[White "Miller, Eduard"]
[Black "Gustain, Marc"]
[Result "1-0"]
[ECO "B01"]
[WhiteElo "2392"]
[BlackElo "2173"]
[Annotator "ChessBase"]
[PlyCount "75"]
[EventDate "2020.08.16"]
[EventType "swiss"]
[EventCountry "GER"]
[SourceTitle "playchess.com"]
[Source "ChessBase"]
[SourceQuality "1"]
[TimeControl "40/5400+30:1800+30"]

1. e4 d5 2. exd5 Qxd5 3. Nf3 Bg4 4. Be2 Nc6 5. d4 O-O-O 6. c4 Qf5 7. Be3 Bxf3 8. Bxf3 Nxd4 9. Bxd4 Qe6+ 10. Be2 Nf6 11. Qa4 Rxd4 12. Qxa7 Qb6 13. Qa8+ Kd7 14. Qa4+ c6 15. Qc2 e6 16. O-O Be7 17. Nd2 Kc8 18. Nf3 Rdd8 19. a3 Nd7 20. b4 Bf6 21. Rab1 Ne5 22. c5 Qc7 23. b5 Rd5 24. Nxe5 Bxe5 25. bxc6 Bxh2+ 26. Kh1 bxc6 27. Qa4 Kd7 28. Bf3 Rxc5 29. Rfd1+ Bd6 30. Qf4 Rd5 31. Qxf7+ Kd8 32. Qxe6 Re8 33. Qg4 Rxd1+ 34. Rxd1 Qe7 35. g3 Qe6 36. Qg5+ Re7 37. Qa5+ Ke8 38. Bxc6+ 1-0

[Event "91st GER-ch 2020"]
[Site "Magdeburg"]
[Date "2020.08.18"]
[Round "4.11"]
[White "Hess, Max"]
[Black "Weber, Max"]
[Result "1-0"]
[ECO "B48"]
[WhiteElo "2378"]
[BlackElo "2243"]
[Annotator "ChessBase"]
[PlyCount "37"]
[EventDate "2020.08.16"]
[EventType "swiss"]
[EventCountry "GER"]
[SourceTitle "playchess.com"]
[Source "ChessBase"]
[SourceQuality "1"]
[TimeControl "40/5400+30:1800+30"]

1. e4 c5 2. Nf3 e6 3. d4 cxd4 4. Nxd4 Nc6 5. Nc3 Qc7 6. Be3 a6 7. a3 b5 8. Nxc6 Qxc6 9. Be2 Bb7 10. O-O Rc8 11. Qd2 Bc5 12. Rfd1 Nf6 13. Bf3 Bxe3 14. Qxe3 e5 15. Qg5 Qc5 16. Qxg7 Ke7 17. Rd5 Rhg8 18. Rxc5 Rxg7 19. Rxe5+ 1-0

[Event "91st GER-ch 2020"]
[Site "Magdeburg"]
[Date "2020.08.18"]
[Round "4.12"]
[White "Geue, Niklas"]
[Black "Koellner, Ruben Gideon"]
[Result "1-0"]
[ECO "A05"]
[WhiteElo "2050"]
[BlackElo "2376"]
[Annotator "ChessBase"]
[PlyCount "127"]
[EventDate "2020.08.16"]
[EventType "swiss"]
[EventCountry "GER"]
[SourceTitle "playchess.com"]
[Source "ChessBase"]
[SourceQuality "1"]
[TimeControl "40/5400+30:1800+30"]

1. Nf3 Nf6 2. g3 d5 3. Bg2 Nbd7 4. d4 b5 5. O-O e6 6. b3 Bb7 7. c4 dxc4 8. bxc4 bxc4 9. Na3 Nb6 10. Nxc4 c5 11. Ba3 Rc8 12. Rc1 cxd4 13. Bxf8 Kxf8 14. Nce5 Rxc1 15. Qxc1 Bxf3 16. Bxf3 Qd6 17. Qf4 Ke7 18. Rd1 Rc8 19. Rxd4 Qc5 20. Nd3 g5 21. Qe3 Nc4 22. Nxc5 Nxe3 23. Ra4 Rxc5 24. Rxa7+ Nd7 25. fxe3 f5 26. g4 Kd6 27. a4 Nf6 28. gxf5 exf5 29. a5 Ne4 30. a6 Rc7 31. Ra8 Kc5 32. Rf8 Kb6 33. Rxf5 Nc5 34. Rxg5 Kxa6 35. Kf2 Kb6 36. Bd5 Re7 37. Kf3 Kc7 38. e4 Kd6 39. Kf4 Nd7 40. Rh5 Rg7 41. Rh6+ Ke7 42. e5 Nf8 43. Ra6 Ng6+ 44. Ke4 Nh4 45. h3 Ng6 46. Ra7+ Kf8 47. Ra8+ Ke7 48. e3 Nh4 49. e6 Ng6 50. Rb8 Kf6 51. Rb1 Ke7 52. Rb7+ Kf8 53. Rf7+ Rxf7 54. exf7 Ne7 55. Ke5 Nxd5 56. Kxd5 Kxf7 57. Kd6 Kf6 58. e4 Kf7 59. e5 Ke8 60. Ke6 h6 61. h4 h5 62. Kf6 Kf8 63. e6 Ke8 64. e7 1-0

[Event "91st GER-ch 2020"]
[Site "Magdeburg"]
[Date "2020.08.18"]
[Round "4.13"]
[White "Stern, Rene"]
[Black "Schulz, Lukas"]
[Result "1-0"]
[ECO "A05"]
[WhiteElo "2526"]
[BlackElo "2293"]
[Annotator "ChessBase"]
[PlyCount "69"]
[EventDate "2020.08.16"]
[EventType "swiss"]
[EventCountry "GER"]
[SourceTitle "playchess.com"]
[Source "ChessBase"]
[SourceQuality "1"]
[TimeControl "40/5400+30:1800+30"]

1. Nf3 Nf6 2. c4 g6 3. Nc3 Bg7 4. e4 d6 5. d4 O-O 6. Bd3 e5 7. d5 Nbd7 8. h3 Nc5 9. Bc2 a5 10. Be3 Nfd7 11. g4 Nb6 12. Qe2 Bd7 13. O-O-O a4 14. a3 Qb8 15. Nd2 c6 16. Kb1 cxd5 17. cxd5 Rc8 18. h4 h6 19. h5 g5 20. f3 Ra7 21. Bd3 Na8 22. Bb5 Ra5 23. Bxd7 Nxd7 24. Nc4 Ra6 25. Na2 Nc5 26. Nb4 Ra7 27. Rc1 Qc7 28. Rc3 Nb6 29. Bxc5 dxc5 30. d6 Qd8 31. Nxb6 Qxb6 32. d7 Rd8 33. Nd5 Qa5 34. Rd1 b6 35. Ne7+ 1-0

[Event "91st GER-ch 2020"]
[Site "Magdeburg"]
[Date "2020.08.18"]
[Round "4.15"]
[White "Ehmann, Thilo"]
[Black "Voege, Tobias"]
[Result "1/2-1/2"]
[ECO "B38"]
[WhiteElo "2329"]
[BlackElo "2326"]
[Annotator "ChessBase"]
[PlyCount "80"]
[EventDate "2020.08.16"]
[EventType "swiss"]
[EventCountry "GER"]
[SourceTitle "playchess.com"]
[Source "ChessBase"]
[SourceQuality "1"]
[TimeControl "40/5400+30:1800+30"]

1. e4 c5 2. Nf3 Nc6 3. d4 cxd4 4. Nxd4 g6 5. c4 Bg7 6. Be3 Nf6 7. Nc3 O-O 8. Be2 d6 9. Qd2 Ng4 10. Bxg4 Bxg4 11. f3 Nxd4 12. Bxd4 Be6 13. b3 Bxd4 14. Qxd4 Qa5 15. O-O Qc5 16. Qxc5 dxc5 17. Nd5 Bxd5 18. exd5 Rfd8 19. Rae1 Kf8 20. f4 a6 21. f5 Rd6 22. g4 b5 23. g5 bxc4 24. bxc4 Rb8 25. f6 exf6 26. Rxf6 Rxf6 27. gxf6 Rb6 28. Re7 Rxf6 29. Rc7 Rf3 30. Rxc5 Ra3 31. Rc8+ Ke7 32. c5 Rxa2 33. d6+ Kd7 34. Rc7+ Kd8 35. c6 Rc2 36. Rd7+ Kc8 37. Rc7+ Kd8 38. Kf1 a5 39. Rd7+ Kc8 40. Rc7+ Kd8 1/2-1/2

[Event "91st GER-ch 2020"]
[Site "Magdeburg"]
[Date "2020.08.18"]
[Round "4.16"]
[White "Trifan, Andrei Ioan"]
[Black "Schulte, Felix"]
[Result "1-0"]
[ECO "B12"]
[WhiteElo "2249"]
[BlackElo "2174"]
[Annotator "ChessBase"]
[PlyCount "103"]
[EventDate "2020.08.16"]
[EventType "swiss"]
[EventCountry "GER"]
[SourceTitle "playchess.com"]
[Source "ChessBase"]
[SourceQuality "1"]
[TimeControl "40/5400+30:1800+30"]

1. e4 c6 2. d4 g6 3. Nc3 d5 4. e5 Bg7 5. f4 Nh6 6. Nf3 Bg4 7. Be3 Qb6 8. Rb1 f6 9. Be2 Nd7 10. Bf2 O-O 11. O-O Rfe8 12. Qd2 a5 13. a4 Rad8 14. h3 Be6 15. g4 Nf8 16. Be3 f5 17. g5 Nf7 18. h4 Rb8 19. Nd1 Nd8 20. Nf2 Bf7 21. Nd3 Nde6 22. b4 axb4 23. Rxb4 Qa7 24. Rfb1 b6 25. Kg2 Nd7 26. Nf2 c5 27. dxc5 bxc5 28. Rxb8 Rxb8 29. Rxb8+ Nxb8 30. c3 Qxa4 31. Qb2 Qa7 32. Nd3 Nd7 33. Qb5 Qc7 34. Qa6 Nb6 35. Qb5 Nd7 36. Bd1 Be8 37. Ba4 Kf7 38. Qc6 Qa5 39. Nxc5 Nxf4+ 40. Bxf4 Qxc5 41. e6+ Kf8 42. exd7 Qxc6 43. Bxc6 Bxd7 44. Bxd7 Bxc3 45. Be6 Kg7 46. Bxd5 Bb4 47. Be5+ Kf8 48. Kh3 Ba3 49. Nd4 Bc1 50. Ne6+ Ke8 51. Bg7 Kf7 52. Bh6 1-0

[Event "91st GER-ch 2020"]
[Site "Magdeburg"]
[Date "2020.08.18"]
[Round "4.17"]
[White "Tschernatsch, Johannes"]
[Black "Michalowski, Peter"]
[Result "1-0"]
[ECO "B92"]
[WhiteElo "2241"]
[BlackElo "2106"]
[Annotator "ChessBase"]
[PlyCount "65"]
[EventDate "2020.08.16"]
[EventType "swiss"]
[EventCountry "GER"]
[SourceTitle "playchess.com"]
[Source "ChessBase"]
[SourceQuality "1"]
[TimeControl "40/5400+30:1800+30"]

1. e4 c5 2. Nf3 d6 3. d4 cxd4 4. Nxd4 Nf6 5. Nc3 a6 6. Be2 e5 7. Nb3 Be7 8. O-O O-O 9. Be3 Be6 10. Qd2 Nbd7 11. a4 b6 12. f3 Qc7 13. Rfd1 h6 14. Nc1 Nc5 15. N1a2 Rfd8 16. Nb4 Qb7 17. Nbd5 Nxd5 18. Nxd5 Bg5 19. Bxg5 hxg5 20. Qxg5 Bxd5 21. exd5 b5 22. axb5 axb5 23. h4 Rdc8 24. Rxa8 Rxa8 25. h5 Qb6 26. Kh2 f6 27. Qg6 b4 28. h6 Ra7 29. h7+ Kh8 30. Qe8+ Kxh7 31. Rh1 g5 32. Kg3+ Kg7 33. Qh8+ 1-0

[Event "91st GER-ch 2020"]
[Site "Magdeburg"]
[Date "2020.08.19"]
[Round "5.3"]
[White "Heinemann, Thies"]
[Black "Siebrecht, Sebastian"]
[Result "1/2-1/2"]
[ECO "B09"]
[WhiteElo "2507"]
[BlackElo "2417"]
[Annotator "ChessBase"]
[PlyCount "113"]
[EventDate "2020.08.16"]
[EventType "swiss"]
[EventCountry "GER"]
[SourceTitle "playchess.com"]
[Source "ChessBase"]
[SourceQuality "1"]
[TimeControl "40/5400+30:1800+30"]

1. e4 g6 2. d4 Bg7 3. Nc3 d6 4. f4 Nf6 5. Nf3 O-O 6. Be3 b6 7. Qd2 Bb7 8. e5 Ng4 9. O-O-O e6 10. Qe2 Nd7 11. Bg1 Qe7 12. h3 Nh6 13. Ne4 f6 14. exd6 cxd6 15. h4 Rfc8 16. h5 b5 17. hxg6 hxg6 18. Qe1 a6 19. Kb1 Bd5 20. Bd3 Nf8 21. Nc3 Bc4 22. Rh3 d5 23. Bxc4 bxc4 24. Nxd5 Qb7 25. Nxf6+ Bxf6 26. Rxh6 c3 27. b3 a5 28. Rd3 a4 29. Rxc3 axb3 30. cxb3 Qa6 31. a4 Rxc3 32. Qxc3 Qf1+ 33. Qe1 Qxg2 34. Qf2 Qg4 35. Ne5 Qd1+ 36. Kb2 Rc8 37. Nc4 Rd8 38. Qg2 Rxd4 39. Rxg6+ Nxg6 40. Qxg6+ Bg7 41. Qxe6+ Kh8 42. Qh3+ Kg8 43. Qe6+ Kh8 44. Bxd4 Bxd4+ 45. Ka3 Qa1+ 46. Kb4 Qc3+ 47. Kb5 Qxb3+ 48. Kc6 Qxa4+ 49. Kd5 Bg7 50. Qc8+ Kh7 51. Qf5+ Kg8 52. Qc8+ Kh7 53. Ke6 Qc2 54. Qc5 Qg6+ 55. Kd7 Qf7+ 56. Kc6 Qxf4 57. Qh5+ 1/2-1/2